 Dungeon Crawl Stone Soup version 0.31-a0-325-g067879e3d3 (webtiles) character file.

Game seed: 5307449169329424189

17047 freelancePsychic the Mimic (level 12, -10/89 (94) HPs)
             Began as a Gnoll Shapeshifter on July 18, 2023.
             Was an Elder of Lugonu.
             Killed from afar by Josephine (30 damage)
             ... with a ghostly fireball
             ... on level 11 of the Dungeon.
             The game lasted 00:19:22 (9962 turns).

freelancePsychic the Mimic (Gnoll Shapeshifter)     Turns: 9962, Time: 00:19:23

HP:   -10/89 (94)   AC:  8    Str: 15    XL:     12   Next: 43%
MP:   15/23         EV: 15    Int: 11    God:    Lugonu [****..]
Gold: 398           SH:  9    Dex: 14    Spells: 16/25 levels left

rFire   . . .        b - +4 rapier (distort)
rCold   . . .        P - +3 warlock's mirror {omnireflect}
rNeg    . . .        u - melded +2 leather armour "Beudimmi" {rF+ Str+4}
rPois   +            h - +2 helmet
rElec   .            (no cloak)
rCorr   .            L - +0 pair of gloves
SInv    .            (no boots)
Will    .....        (no amulet)
Stlth   ++++         m - +4 ring of protection
HPRegen 0.34/turn    F - ring of poison resistance
MPRegen 0.18/turn

%: reflection
@: maw-form, slowed, drained, very slow
A: devouring maw, fangs 1, strong nose, distributed training
a: Begin Untransformation, Renounce Religion, Depart the Abyss, Banish, Corrupt


You were on level 11 of the Dungeon.
You worshipped Lugonu.
Lugonu was greatly pleased with you.
You were a creature with a mouth for a stomach.
You visited 1 branch of the dungeon, and saw 11 of its levels.
You visited the Abyss 2 times.

You collected 600 gold pieces.
You spent 202 gold pieces at shops.

Inventory:

Hand Weapons
 a - a +2 dagger of venom
 b - a +4 rapier of distortion (weapon)
 v - a +1 broad axe of draining
Missiles
 g - 2 throwing nets
Armour
 h - a +2 helmet (worn)
 i - a +0 leather armour
 k - an orb of wrath
 q - a +0 animal skin
 u - the +2 leather armour "Beudimmi" (melded) {rF+ Str+4}
   (You found it on level 3 of the Dungeon)

   Str:       It affects your strength (+4).
   rF:        It protects you from fire.
 L - a +0 pair of gloves (worn)
 P - the +3 warlock's mirror (worn) {omnireflect}
   (You found it on level 10 of the Dungeon)

   Omnireflect: It can block and reflect piercing ranged attacks and magical
   attacks against the wielder's willpower.
Jewellery
 m - a +4 ring of protection (left hand)
 p - a ring of fire
 E - a ring of protection from cold
 F - a ring of poison resistance (right hand)
 H - a ring of see invisible
 O - a ring of wizardry
Talismans
 c - a beast talisman
 N - a maw talisman
Wands
 y - a wand of paralysis (2)
 B - a wand of flame (30)
 J - a wand of light (1)
Scrolls
 f - 4 scrolls of amnesia
 r - 8 scrolls of teleportation {@r4}
 t - 3 scrolls of enchant armour
 w - 8 scrolls of identify {@r1}
 x - a scroll of revelation
 A - 3 scrolls of fear
 C - a scroll of immolation {unknown}
 G - a scroll of fog {unknown}
Potions
 d - 4 potions of curing {@q1}
 e - 3 potions of heal wounds {@q2}
 l - 2 potions of mutation {unknown}
 n - 3 potions of invisibility {unknown}
 o - a potion of lignification
 s - 2 potions of enlightenment {unknown}
 z - a potion of ambrosia {unknown}
 D - a potion of magic {unknown}
 I - a potion of might {unknown}
 K - a potion of attraction {unknown}
 M - a potion of resistance {unknown}
 Q - a potion of haste {unknown}
 R - a potion of brilliance {unknown}


   Skills:
 + Level 8.8 Fighting
 + Level 7.4 Short Blades
 + Level 7.4 Long Blades
 + Level 7.4 Axes
 + Level 7.4 Maces & Flails
 + Level 7.4 Polearms
 + Level 7.4 Staves
 + Level 7.4 Ranged Weapons
 + Level 7.4 Throwing
 + Level 7.4 Armour
 + Level 8.8 Dodging
 + Level 7.4 Stealth
 + Level 7.4 Shields
 + Level 8.8 Unarmed Combat
 + Level 7.4 Spellcasting
 + Level 6.1 Conjurations
 + Level 6.1 Hexes
 + Level 6.1 Summonings
 + Level 6.1 Necromancy
 + Level 6.1 Translocations
 + Level 6.1 Transmutations
 + Level 6.1 Fire Magic
 + Level 6.1 Ice Magic
 + Level 6.1 Air Magic
 + Level 6.1 Earth Magic
 + Level 6.1 Poison Magic
 + Level 8.1 Invocations
 + Level 7.4 Evocations
 + Level 9.1 Shapeshifting


You had 16 spell levels left.
You knew the following spells:

 Your Spells              Type           Power      Damage    Failure   Level
a - Foxfire               Conj/Fire      68%        2x1d7     1%          1
b - Ozocubu's Armour      Ice            17%        N/A       4%          3
c - Ignite Poison         Fire/Tmut/Pois 17%        N/A       4%          3
d - Passwall              Tmut/Erth      14%        N/A       2%          2

Your spell library contained the following spells:

 Spells                   Type           Power      Damage    Failure   Level
 Kiss of Death            Conj/Necr      68%        2d10      1%          1
 Ensorcelled Hibernation  Hex/Ice        34%        N/A       2%          2
 Confusing Touch          Hex            17%        N/A       4%          3
 Inner Flame              Hex/Fire       17%        N/A       4%          3
 Portal Projectile        Hex/Tloc       34%        N/A       4%          3
 Stone Arrow              Conj/Erth      34%        3d9       4%          3
 Swiftness                Air            17%        N/A       4%          3
 Anguish                  Hex/Necr       8%         N/A       16%         4
 Dispel Undead            Necr           17%        3d10      16%         4
 Manifold Assault         Tloc           17%        N/A       16%         4
 Passage of Golubria      Tloc           17%        N/A       16%         4
 Sticky Flame             Conj/Fire      17%        2d4       16%         4
 Metabolic Englaciation   Hex/Ice        8%         N/A       41%         5
 Silence                  Hex/Air        8%         N/A       41%         5
 Summon Forest            Summ/Tloc      8%         N/A       41%         5
 Summon Mana Viper        Hex/Summ       17%        N/A       41%         5
 Yara's Violent Unravell  Hex/Tmut       8%         3d5       41%         5
 Dispersal                Tloc           8%         N/A       94%         6
 Plasma Beam              Fire/Air       8%         2x1d19    94%         6
 Simulacrum               Ice/Necr       8%         N/A       94%         6
 Starburst                Conj/Fire      8%         6d4       94%         6
 Summon Cactus Giant      Summ           8%         N/A       94%         6
 Enfeeble                 Hex            8%         N/A       100%        7
 Disjunction              Tloc           8%         N/A       100%        8
 Ignition                 Fire           8%         3d5       100%        8
 Lehudib's Crystal Spear  Conj/Erth      8%         10d4      100%        8


Dungeon Overview and Level Annotations

Branches:
Dungeon (11/15)            Temple (0/1) D:6             Orc (0/2) D:9
   Lair: D:8-11

Altars:
Okawaru
Qazlal
Ru
Sif Muna
Zin

Shops:
D:3 ?   D:5 !

Annotations:
D:5 2 transporters, GamesABlazin's ghost, novice DgFi
D:11 Josephine
Abyss:1 Prince Ribbit


Innate Abilities, Weirdness & Mutations

You are a creature with a mouth for a stomach.
Your midsection houses a second, enormous mouth.
You have very sharp teeth.
Your uncanny sense of smell can sniff out nearby items.
Your experience applies equally to all skills.


Message History

You feel as though you will be slow longer.
Josephine barely misses your butterfly.
The wraith closely misses your butterfly.
Press: ? - help, Shift-Dir - straight line, f - wraith
Aim: a wraith (ally target, chance to affect: 54%)
The wraith is devoured by a tear in reality.
Lugonu claims a new guest.
Josephine points at you and mumbles some strange words.
The ghostly flame explodes!
The ghostly fireball engulfs your butterfly!!
Your butterfly is drained!
Your butterfly dies!
Your butterfly disappears in a burst of colours!
The ghostly fireball engulfs your butterfly!!
Your butterfly is drained!
Your butterfly dies!
Your butterfly disappears in a burst of colours!
The ghostly fireball engulfs your butterfly!!
Your butterfly is drained!
Your butterfly dies!
Your butterfly disappears in a burst of colours!
The ghostly fireball engulfs your butterfly!!!
Your butterfly is drained!
Your butterfly dies!
Your butterfly disappears in a burst of colours!
The ghostly fireball engulfs you.
You feel drained.
* * * LOW HITPOINT WARNING * * *
The ghostly fireball engulfs your butterfly!!!
Your butterfly is drained!
Your butterfly dies!
Your butterfly disappears in a burst of colours!
The wraith barely misses you.
Press: ? - help, Shift-Dir - straight line, f - Josephine
Aim: Josephine, wielding a +6 dagger of venom and wearing a +0 robe (almost dead, ally target, chance to affect: 54%) Josephine resists with significant effort.
Josephine twists and deforms.
Josephine gestures at you while chanting.
The ghostly flame explodes!
The ghostly fireball engulfs you!!
You feel drained.
You die...

#.##..........
#..#..........
#.b.b.........
##............
##.b...b.......
#..bb..........
##@.b...<......#
##...#..........#
#.WW##.........##
#bbb##........##
#bb§####.......#


#bbb# #......## #..b# .......# #... .......## #.# ## You could see Josephine
(misshapen, ally target) and a wraith (ally target).

Vanquished Creatures
  2 two-headed ogres
  A catoblepas (D:8)
  9 wizards
  Joseph (D:9)
  2 kobold demonologists (D:9)
  A hornet (D:9)
  8 yaks
  Eustachio (D:5)
  4 orc warriors
  A sky beast (D:7)
  A black bear (D:5)
  An ice beast (D:7)
  4 ogres
  3 centaurs
  6 kobold brigands
  Blork the orc (D:6)
  A bullfrog (D:7)
  3 scorpions
  17 wights
  17 killer bees
  2 howler monkeys (D:8)
  2 jellies
  5 hounds
  A gnoll bouda (D:6)
  5 orc priests
  An iguana (D:5)
  A sleepcap (D:5)
  4 orc wizards
  6 gnolls
  3 adders
  A shadow imp (D:7)
  A white imp (D:7)
  2 ufetubi
  2 dart slugs (D:4)
  34 orcs
  2 ball pythons (D:2)
  8 bats
  7 endoplasms
  2 giant cockroaches (D:3)
  2 hobgoblins
  2 jackals (D:2)
  4 quokkas
  3 frilled lizards
  3 goblins
  32 kobolds
  5 rats
224 creatures vanquished.

Vanquished Creatures (others)
  A wizard (D:10)
  37 foxfires
  2 starspawn tentacles (Abyss:2)
40 creatures vanquished.

Grand Total: 264 creatures vanquished

Notes
Turn   | Place    | Note
-------+----------+-------------------------------------------
     0 | D:1      | freelancePsychic the Gnoll Shapeshifter began the quest for
                  | the Orb.
     0 | D:1      | Reached XP level 1. HP: 20/20 MP: 1/1
     5 | D:1      | Noticed an anaconda
    50 | D:1      | Noticed a death yak
   237 | D:1      | Reached XP level 2. HP: 21/26 MP: 2/2
   351 | D:1      | Found a faded altar of an unknown god.
   366 | D:1      | Prayed at the altar of an unknown god.
   366 | D:1      | Became a worshipper of Sif Muna the Loreminder
   366 | D:1      | Reached * piety under Sif Muna
   888 | D:2      | Reached XP level 3. HP: 31/31 MP: 3/3
  1139 | D:2      | Reached skill level 1 in Invocations
  1471 | D:3      | Noticed an ogre
  1475 | D:3      | Killed an ogre
  1476 | D:3      | Reached skill level 1 in Short Blades
  1476 | D:3      | Reached skill level 1 in Long Blades
  1476 | D:3      | Reached skill level 1 in Axes
  1476 | D:3      | Reached skill level 1 in Maces & Flails
  1476 | D:3      | Reached skill level 1 in Polearms
  1476 | D:3      | Reached skill level 1 in Staves
  1476 | D:3      | Reached skill level 1 in Ranged Weapons
  1476 | D:3      | Reached skill level 1 in Throwing
  1476 | D:3      | Reached skill level 1 in Armour
  1476 | D:3      | Reached skill level 1 in Stealth
  1476 | D:3      | Reached skill level 1 in Shields
  1476 | D:3      | Reached skill level 1 in Spellcasting
  1476 | D:3      | Reached skill level 1 in Conjurations
  1476 | D:3      | Reached skill level 1 in Hexes
  1476 | D:3      | Reached skill level 1 in Summonings
  1476 | D:3      | Reached skill level 1 in Necromancy
  1476 | D:3      | Reached skill level 1 in Translocations
  1476 | D:3      | Reached skill level 1 in Transmutations
  1476 | D:3      | Reached skill level 1 in Fire Magic
  1476 | D:3      | Reached skill level 1 in Ice Magic
  1476 | D:3      | Reached skill level 1 in Air Magic
  1476 | D:3      | Reached skill level 1 in Earth Magic
  1476 | D:3      | Reached skill level 1 in Poison Magic
  1476 | D:3      | Reached skill level 1 in Evocations
  1476 | D:3      | Reached XP level 4. HP: 38/38 MP: 4/6
  1476 | D:3      | Reached XP level 5. HP: 43/43 MP: 4/7
  1619 | D:3      | Learned a level 3 spell: Ignite Poison
  1657 | D:3      | Reached ** piety under Sif Muna
  1808 | D:3      | Found The Oracle's Delphic Readings.
  1818 | D:3      | Bought a scroll of enchant armour for 90 gold pieces
  1959 | D:3      | Identified the +2 leather armour "Beudimmi" {rF+ Str+4}
  2517 | D:4      | Noticed an ogre
  2526 | D:4      | Killed an ogre
  2527 | D:4      | Reached skill level 5 in Fighting
  2527 | D:4      | Reached skill level 5 in Dodging
  2527 | D:4      | Reached skill level 5 in Unarmed Combat
  2527 | D:4      | Reached XP level 6. HP: 51/51 MP: 7/9
  3309 | D:5      | Entered Level 5 of the Dungeon
  3410 | D:5      | Learned a level 1 spell: Foxfire
  3496 | D:5      | Reached XP level 7. HP: 56/56 MP: 10/10
  3561 | D:5      | Noticed Eustachio
  3566 | Abyss:2  | Cast into level 2 of the Abyss (Eustachio)
  3605 | Abyss:2  | Found a snail-covered altar of Cheibriados.
  3612 | Abyss:2  | Found a corrupted altar of Lugonu.
  3616 | Abyss:2  | Fell from the grace of Sif Muna
  3616 | Abyss:2  | Became a worshipper of Lugonu the Unformed
  3616 | Abyss:2  | Reached * piety under Lugonu
  3616 | Abyss:2  | Reached ** piety under Lugonu
  3617 | D:5      | Escaped the Abyss
  3627 | D:5      | Killed Eustachio
  3641 | D:5      | Noticed GamesABlazin's ghost (novice DgFi)
  3644 | D:5      | Found a transporter.
  3644 | D:5      | Identified the +3 giant spiked club "Hydra's Foe" {flame,
                  | Stlth+}
  3660 | D:5      | Found a transporter.
  3936 | D:5      | Found Jahaim's Distillery.
  3945 | D:5      | Bought a potion of curing for 42 gold pieces
  3945 | D:5      | Bought a potion of heal wounds for 70 gold pieces
  3979 | D:5      | Reached skill level 7 in Shapeshifting
  3985 | D:5      | Reached XP level 8. HP: 56/63 MP: 12/12
  4278 | D:6      | Found a staircase to the Ecumenical Temple.
  4304 | D:6      | Noticed Prince Ribbit
  4335 | D:6      | Banished Prince Ribbit
  4413 | D:6      | Noticed Blork the orc
  4418 | D:6      | Killed Blork the orc
  4807 | D:6      | Reached XP level 9. HP: 67/69 MP: 14/14
  4895 | D:6      | Identified the +0 dagger "Wacef" {heavy, rN+}
  5098 | D:7      | Found an iron altar of Okawaru.
  5106 | D:7      | Found a sacrificial altar of Ru.
  5301 | D:7      | Reached *** piety under Lugonu
  5537 | D:7      | Reached skill level 5 in Invocations
  6170 | D:8      | Noticed a hornet
  6171 | D:8      | Banished a hornet
  6189 | D:8      | Reached XP level 10. HP: 77/77 MP: 14/17
  6275 | D:8      | Reached skill level 5 in Short Blades
  6275 | D:8      | Reached skill level 5 in Long Blades
  6275 | D:8      | Reached skill level 5 in Axes
  6275 | D:8      | Reached skill level 5 in Maces & Flails
  6275 | D:8      | Reached skill level 5 in Polearms
  6275 | D:8      | Reached skill level 5 in Staves
  6275 | D:8      | Reached skill level 5 in Ranged Weapons
  6275 | D:8      | Reached skill level 5 in Throwing
  6275 | D:8      | Reached skill level 5 in Armour
  6275 | D:8      | Reached skill level 5 in Stealth
  6275 | D:8      | Reached skill level 5 in Shields
  6275 | D:8      | Reached skill level 5 in Spellcasting
  6275 | D:8      | Reached skill level 5 in Evocations
  6288 | D:8      | Noticed a two-headed ogre
  6293 | D:8      | Banished a two-headed ogre
  6313 | D:8      | Noticed a catoblepas
  6841 | D:8      | Reached skill level 8 in Shapeshifting
  6892 | D:8      | Killed a catoblepas
  7095 | D:8      | Identified the +6 scale mail "Raokoeta" {rC+ rN+ rCorr
                  | Str+3}
  7098 | D:8      | Got the Codex of Captivating Silt
  7289 | D:8      | Learned a level 3 spell: Ozocubu's Armour
  7292 | D:8      | Learned a level 2 spell: Passwall
  7360 | D:9      | Noticed a kobold demonologist
  7360 | D:9      | Noticed a kobold demonologist
  7360 | D:9      | Noticed Joseph
  7368 | D:9      | Killed a kobold demonologist
  7376 | D:9      | Killed a kobold demonologist
  7504 | D:9      | Killed Joseph
  7609 | D:9      | Reached XP level 11. HP: 84/84 MP: 19/19
  7651 | D:9      | Found a staircase to the Orcish Mines.
  7814 | D:9      | Noticed a two-headed ogre
  7825 | D:9      | Killed a two-headed ogre
  7826 | D:9      | Reached skill level 5 in Conjurations
  7826 | D:9      | Reached skill level 5 in Hexes
  7826 | D:9      | Reached skill level 5 in Summonings
  7826 | D:9      | Reached skill level 5 in Necromancy
  7826 | D:9      | Reached skill level 5 in Translocations
  7826 | D:9      | Reached skill level 5 in Transmutations
  7826 | D:9      | Reached skill level 5 in Fire Magic
  7826 | D:9      | Reached skill level 5 in Ice Magic
  7826 | D:9      | Reached skill level 5 in Air Magic
  7826 | D:9      | Reached skill level 5 in Earth Magic
  7826 | D:9      | Reached skill level 5 in Poison Magic
  7870 | D:9      | Found a stormy altar of Qazlal.
  7891 | D:9      | Reached **** piety under Lugonu
  8161 | D:9      | Found a glowing silver altar of Zin.
  8446 | D:10     | Entered Level 10 of the Dungeon
  8485 | D:10     | Noticed a cyclops
  8486 | D:10     | Banished a cyclops
  8529 | D:10     | Noticed a wizard
  8548 | D:10     | Killed a wizard
  8686 | D:10     | Noticed a wizard
  8694 | D:10     | Banished a wizard
  8729 | D:10     | Noticed a wizard
  8736 | D:10     | Killed a wizard
  8753 | D:10     | Noticed a wizard
  8763 | Abyss:2  | Found a corrupted altar of Lugonu.
  8763 | Abyss:2  | Cast into level 2 of the Abyss (a wizard)
  8776 | Abyss:2  | Banished a two-headed ogre
  8778 | Abyss:2  | Killed a wizard
  8815 | Abyss:2  | Noticed a worldbinder
  8824 | Abyss:2  | Noticed a starcursed mass
  8830 | Abyss:2  | Noticed a tentacled starspawn
  8833 | D:10     | Escaped the Abyss
  8841 | D:10     | Killed a wizard
  8922 | D:10     | Found the +3 warlock's mirror {omnireflect}
  8952 | D:10     | Noticed a wizard
  8953 | D:10     | Noticed a wizard
  8963 | D:10     | Killed a wizard
  8964 | D:10     | Reached XP level 12. HP: 92/94 MP: 22/22
  9114 | D:10     | Was forgiven by Sif Muna
  9211 | D:10     | Reached skill level 9 in Shapeshifting
  9824 | D:10     | Noticed a two-headed ogre
  9831 | D:10     | Killed a two-headed ogre
  9947 | D:11     | Noticed Josephine
  9962 | D:11     | Killed from afar by Josephine

Illustrated notes

Levels and vault maps discovered:
D:1:      sevenhm_arrival_forest_fort_small_2, layout_basic,
          ebering_ecumenical_altar_abandoned, minmay_domino_4
D:2:      layout_loops_ring
D:3:      layout_rooms, chequers_big_river, nicolae_nh_oracle_at_delphi
D:4:      layout_loops_corners
D:5:      layout_loops_cross, gammafunk_ghost_smash, serial_shops,
          nicolae_lakefront_shop, minmay_fountain_box, uniq_eustachio
D:6:      layout_loops_cross, minmay_temple_entry_proselytizer,
          nicolae_grassy_gnolls, uniq_prince_ribbit1, uniq_blork_the_orc
D:7:      layout_loops_ring, mainiacjoe_overflow_large_starburst,
          minmay_misc_feat_rugged
D:8:      layout_loops_ring, palyth_stone_intersect, minmay_radiant
D:9:      layout_rooms, mainiacjoe_overflow_alcove_1, zin_statuary, david_orc_3,
          nicolae_fountain_basement, uniq_joseph
D:10:     minmay_smoke_and_mirrors, layout_gridville, nrook_mini_vaults,
          minmay_curled_crystal
D:11:     layout_cave_pods, lair_entry_dummy, uniq_urug, uniq_josephine

Skill      XL: |  1  2  3  4  5  6  7  8  9 10 11 12 |
---------------+-------------------------------------+-----
Invocations    | 1 2 3 4 5 6 7 8 |  8.1
Short Blades   | 1 2 3 4 5 7 |  7.4
Long Blades    | 1 2 3 4 5 7 |  7.4
Axes           | 1 2 3 4 5 7 |  7.4
Maces & Flails | 1 2 3 4 5 7 |  7.4
Polearms       | 1 2 3 4 5 7 |  7.4
Staves         | 1 2 3 4 5 7 |  7.4
Ranged Weapons | 1 2 3 4 5 7 |  7.4
Throwing       | 1 2 3 4 5 7 |  7.4
Armour         | 1 2 3 4 5 7 |  7.4
Stealth        | 1 2 3 4 5 7 |  7.4
Shields        | 1 2 3 4 5 7 |  7.4
Spellcasting   | 1 2 3 4 5 7 |  7.4
Conjurations   | 1 2 3 4 5 6 |  6.1
Hexes          | 1 2 3 4 5 6 |  6.1
Summonings     | 1 2 3 4 5 6 |  6.1
Necromancy     | 1 2 3 4 5 6 |  6.1
Translocations | 1 2 3 4 5 6 |  6.1
Transmutations | 1 2 3 4 5 6 |  6.1
Fire Magic     | 1 2 3 4 5 6 |  6.1
Ice Magic      | 1 2 3 4 5 6 |  6.1
Air Magic      | 1 2 3 4 5 6 |  6.1
Earth Magic    | 1 2 3 4 5 6 |  6.1
Poison Magic   | 1 2 3 4 5 6 |  6.1
Evocations     | 1 2 3 4 5 7 |  7.4
Fighting       | 5 6 7 8 |  8.8
Dodging        | 5 6 7 8 |  8.8
Unarmed Combat | 5 6 7 8 |  8.8
Shapeshifting  | 7 8 9 |  9.1

Action                     |  1- 3 |  4- 6 |  7- 9 | 10-12 || total
---------------------------+-------+-------+-------+-------++-------
  Melee: Unarmed           |    20 |       |       |       ||    20
         Short sword       |    14 |       |       |       ||    14
         Quarterstaff      |    24 |    32 |     5 |       ||    61
         Bite              |     4 |     2 |    15 |    33 ||    54
         Halberd           |       |    28 |       |       ||    28
         Rapier            |       |       |   169 |   355 ||   524
         Dagger            |       |       |       |    28 ||    28
         Maw               |       |       |       |    26 ||    26
   Cast: Foxfire           |       |       |    11 |    12 ||    23
         Ozocubu's Armour  |       |       |       |     2 ||     2
         Ignite Poison     |       |       |       |     2 ||     2
         Passwall          |       |       |       |     1 ||     1
 Invoke: Depart the Abyss  |       |       |     1 |     1 ||     2
         Banish            |       |       |     1 |     7 ||     8
Ability: Begin Untransform |       |     1 |       |       ||     1
  Evoke: Wand              |       |       |     7 |     3 ||    10
    Use: Scroll            |     4 |     3 |       |     3 ||    10
         Potion            |       |       |       |     2 ||     2
   Stab: Sleeping          |     2 |     3 |     8 |     3 ||    16
         Paralysed         |       |       |     3 |       ||     3
         Invisible         |       |       |       |     2 ||     2
         Distracted        |       |       |       |     1 ||     1
 Armour: Animal skin       |    13 |       |       |       ||    13
         Leather armour    |     8 |    15 |    48 |   100 ||   171
         Skin              |       |       |       |    44 ||    44
  Dodge: Dodged            |    44 |    30 |   112 |   265 ||   451
  Block: Buckler           |       |       |       |    23 ||    23
         Reflection        |       |       |       |     1 ||     1
   Form: Maw               |       |       |       |     1 ||     1

Table legend: (Time is in decaauts)
 A = Elapsed time spent in this place.
 B = Non-inter-level travel time spent in this place.
 C = Inter-level travel time spent in this place.
 D = Time resting spent in this place.
 E = Time spent auto-exploring this place.
 F = Levels seen in this place.
 G = Mean time per level.
                   A        B        C        D        E       F      G
               +--------+--------+--------+--------+--------+-----+--------+
         Total |  10256 |   9979 |    277 |   1235 |   6892 |  13 |  788.9 |
       Dungeon |  10125 |   9848 |    277 |   1227 |   6838 |  11 |  920.5 |
         Abyss |    130 |    130 |      0 |      7 |     54 |   2 |   65.0 |
               +--------+--------+--------+--------+--------+-----+--------+

Top non-repeatable levels by time:
    D:10: 1451 daAuts
     D:7: 1334 daAuts
     D:8: 1180 daAuts
     D:9: 1021 daAuts
     D:3: 1009 daAuts
     D:4: 965 daAuts
     D:6: 937 daAuts
     D:5: 839 daAuts
     D:1: 728 daAuts
     D:2: 637 daAuts
 Abyss:2: 130 daAuts
    D:11: 20 daAuts
